 Dungeon Crawl Stone Soup version 0.30-a0-394-g3e4acdb0ae (webtiles) character file.

Game seed: 9510526294466074209

68 DrKenneth the Covered (level 4, -5/40 HPs)
             Began as a Minotaur Fighter on Dec 6, 2022.
             Slain by Sigmund
             ... wielding a +5 scythe of venom
              (10 damage)
             ... on level 3 of the Dungeon.
             The game lasted 00:06:55 (1299 turns).

DrKenneth the Covered (Minotaur Fighter)            Turns: 1299, Time: 00:06:55

Health: -5/40      AC:  7    Str: 22    XL:     4   Next: 1%
Magic:  3/3        EV:  9    Int:  5    God:
Gold:   65         SH:  4    Dex: 10    Spells: 3/3 levels left

rFire   . . .      SeeInvis .    a - +0 war axe
rCold   . . .      Faith    .    c - +0 buckler
rNeg    . . .      Spirit   .    b - +0 scale mail
rPois   .          Reflect  .    (helmet restricted)
rElec   .          Harm     .    (no cloak)
rCorr   .          Rampage  .    (no gloves)
Will    .....                    (no boots)
Stlth   ..........               (no amulet)
HPRegen 0.26/turn                (no ring)
MPRegen 0.08/turn                (no ring)

@: lethally poisoned (-5 -> -19)
A: horns 2, retaliatory headbutt
a: no special abilities


You were on level 3 of the Dungeon.
You visited 1 branch of the dungeon, and saw 3 of its levels.

You collected 65 gold pieces.

Inventory:

Hand Weapons
 a - a +0 war axe (weapon)
Armour
 b - a +0 scale mail (worn)
 c - a +0 buckler (worn)
Scrolls
 e - 2 scrolls of identify {unknown}
 f - a scroll of summoning {unknown}
 g - a scroll of vulnerability {unknown}
 k - a scroll of enchant armour {unknown}
 l - a scroll of amnesia {unknown}
Potions
 d - a potion of might
 h - 3 potions of mutation {unknown}
 i - a potion of curing {unknown}
 j - a potion of flight {unknown}
 m - a potion of cancellation {unknown}


   Skills:
 + Level 4.2 Fighting
 + Level 3.3 Axes
 + Level 4.3 Armour
 + Level 4.3 Shields


You had 3 spell levels left.
You didn't know any spells.
Your spell library contained the following spells:

 Spells                   Type           Power      Damage    Failure   Level
 Magic Dart               Conj           0%         1d3       87%         1
 Call Imp                 Summ           0%         N/A       95%         2
 Gell's Gravitas          Tloc           0%         N/A       99%         3
 Lesser Beckoning         Tloc           0%         N/A       99%         3
 Mephitic Cloud           Conj/Pois/Air  0%         N/A       99%         3
 Teleport Other           Tloc           0%         N/A       99%         3


Dungeon Overview and Level Annotations

Branches:
Dungeon (3/15)

Altars:

Annotations:
D:3 Sigmund


Innate Abilities, Weirdness & Mutations

You have a pair of horns on your head.
You reflexively headbutt those who attack you in melee.


Message History

You hit the hobgoblin.
You kill the hobgoblin!
You have reached level 4!
You feel agile.
Sigmund the Dreaded comes into view.
He is wielding a +5 scythe of venom and wearing a +0 robe of positive energy.
Found 10 gold pieces.
Sigmund shouts!
Sigmund casts a spell at you. You resist with some effort.
Sigmund points at you and mumbles some strange words.
The puff of flame hits you.
Sigmund hits you with a +5 scythe of venom.
You are poisoned.
You closely miss Sigmund. Your headbutt misses Sigmund.
You feel very sick. Sigmund casts a spell at you. The puff of flame hits you.
You barely miss Sigmund.
You feel sick.
Sigmund hits you with a +5 scythe of venom.
You are more poisoned.
You are too injured to fight recklessly!
You are too injured to fight recklessly!
You are too injured to fight recklessly!
You are too injured to fight recklessly!
You are too injured to fight recklessly!
You barely miss Sigmund.
You feel very sick. Sigmund closely misses you. You furiously retaliate!
You headbutt Sigmund. You barely miss Sigmund.
Sigmund is lightly wounded.
* * * LOW HITPOINT WARNING * * *
You feel very sick. Sigmund hits you but does no damage.
You are lethally poisoned!
You barely miss Sigmund. You headbutt Sigmund, but do no damage.
Sigmund is lightly wounded.
* * * LOW HITPOINT WARNING * * *
You feel very sick.
Sigmund hits you with a +5 scythe of venom!
You die...

# ..##### #.##..
#.##.#
######.##.#
#.........#
#.........#######
#.$.......#.....#
#..@@...#...###.#
#$#######.......#
#.........#####
#####..)..#....
#.........#
#.......#.#
#.#####.......#
.......<......#
#.#####.....#.#


You could see Sigmund.

Vanquished Creatures
  An adder (D:2)
  2 dart slugs
  4 endoplasms (D:1)
  7 goblins
  9 hobgoblins
  5 kobolds
  A quokka (D:1)
  5 ball pythons
  6 bats
  6 frilled lizards
  4 rats (D:1)
50 creatures vanquished.

Notes
Turn   | Place    | Note
-------+----------+-------------------------------------------
     0 | D:1      | DrKenneth the Minotaur Fighter began the quest for the Orb.
     0 | D:1      | Reached XP level 1. HP: 19/19 MP: 0/0
    87 | D:1      | Reached XP level 2. HP: 20/27 MP: 1/1
   190 | D:1      | You fall into a shaft and drop 1 floor!
   283 | D:1      | Reached XP level 3. HP: 33/33 MP: 2/2
   670 | D:2      | Identified the +0 chain mail of Absolutism {rN+}
  1285 | D:3      | Reached XP level 4. HP: 40/40 MP: 3/3
  1290 | D:3      | Noticed Sigmund
  1299 | D:3      | Slain by Sigmund

Illustrated notes

Levels and vault maps discovered:
D:1:      dpeg_arrival_tiny_c, layout_rooms
D:2:      layout_loops_ring, chequers_serial_rivers_large_a
D:3:      layout_basic, uniq_terence, uniq_sigmund, uniq_jessica

Skill      XL: |  1  2 |
---------------+-------+-----
Armour         | 4 |  4.3
Fighting       | 4 |  4.2
Axes           | 3 |  3.3
Shields        | 4 |  4.3

Action                   |  1- 3 |  4- 6 || total
-------------------------+-------+-------++-------
Melee: War axe           |   103 |     5 ||   108
       Headbutt          |    11 |     1 ||    12
Armor: Scale mail        |    52 |     1 ||    53
Dodge: Dodged            |    35 |     1 ||    36
Block: Buckler           |    36 |       ||    36

Table legend: (Time is in decaauts)
 A = Elapsed time spent in this place.
 B = Non-inter-level travel time spent in this place.
 C = Inter-level travel time spent in this place.
 D = Time resting spent in this place.
 E = Time spent auto-exploring this place.
 F = Levels seen in this place.
 G = Mean time per level.
                   A        B        C        D        E       F      G
               +--------+--------+--------+--------+--------+-----+--------+
         Total |   1352 |   1310 |     42 |      0 |   1002 |   3 |  450.7 |
       Dungeon |   1352 |   1310 |     42 |      0 |   1002 |   3 |  450.7 |
               +--------+--------+--------+--------+--------+-----+--------+

Top non-repeatable levels by time:
     D:2: 809 daAuts
     D:1: 521 daAuts
     D:3: 21 daAuts
